 Dungeon Crawl Stone Soup version 0.28.0-43-g3370ac3207 (webtiles) character file.

Game seed: 16540859385709889797

420 issech the Cudgeller (level 6, -8/61 HPs)
             Began as a Troll Monk on Mar 27, 2022.
             Killed by divine providence
             ... invoked by an orc priest
              (13 damage)
             ... on level 4 of the Dungeon.
             The game lasted 00:10:32 (2515 turns).

issech the Cudgeller (Troll Monk)                   Turns: 2515, Time: 00:10:33

Health: -8/61      AC:  9    Str: 20    XL:     6   Next: 62%
Magic:  5/5        EV: 11    Int:  6    God:
Gold:   160        SH:  0    Dex: 14    Spells: 5/5 levels left

rFire   . . .      SeeInvis .   e - +2 whip (vamp)
rCold   . . .      Faith    .   (no shield)
rNeg    . . .      Spirit   .   b - +0 robe
rPois   .          Reflect  .   (helmet restricted)
rElec   .          Harm     .   g - +0 cloak
rCorr   .          Rampage  .   (gloves unavailable)
Will    .....                   (boots unavailable)
Stlth   ++........              (no amulet)
HPRegen 1.00/turn               y - +4 ring of protection
MPRegen 0.09/turn               (no ring)

@: no status effects
A: large, unfitting armour, claws 3, regeneration 1, shaggy fur 1, tough skin 1
a: no special abilities


You were on level 4 of the Dungeon.
You visited 1 branch of the dungeon, and saw 4 of its levels.
You also visited: Sewer.

You collected 160 gold pieces.

Inventory:

Hand Weapons
 a - a +0 mace
 e - a +2 vampiric whip (weapon)
 v - a +0 hand crossbow
 w - a +0 antimagic short sword
Missiles
 d - 60 stones (quivered)
 k - 41 bolts
 m - 23 sling bullets
 o - 9 poisoned darts
Armour
 b - a +0 robe (worn)
 g - a +0 cloak (worn)
Magical Staves
 c - a staff of poison
Jewellery
 y - a +4 ring of protection (left claw)
Wands
 B - a wand of paralysis (5)
Scrolls
 n - 2 scrolls of fog
 p - a scroll of blinking
 q - a scroll of vulnerability {unknown}
 s - a scroll of fear {unknown}
 z - a scroll of magic mapping
Potions
 f - 3 potions of berserk rage {unknown}
 h - 2 potions of heal wounds {unknown}
 i - a potion of attraction {unknown}
 j - a potion of magic {unknown}
 l - 4 potions of ambrosia {unknown}
 r - a potion of invisibility {unknown}
 t - 2 potions of brilliance {unknown}
 u - a potion of mutation {unknown}
 x - 2 potions of might {unknown}
 A - a potion of resistance {unknown}


   Skills:
 + Level 3.5 Fighting
 + Level 5.1 Maces & Flails
 + Level 3.5 Dodging
 + Level 1.6 Stealth


You had 5 spell levels left.
You didn't know any spells.
Your spell library contained the following spells:

 Spells                   Type           Power      Damage    Failure   Level
 Slow                     Hex            0%         N/A       45%         1
 Confusing Touch          Hex            0%         N/A       83%         3
 Vampiric Draining        Necr           0%         2d6       83%         3


Dungeon Overview and Level Annotations

Branches:
Dungeon (4/15)              Sewer (visited)
 Temple: D:4-7

Altars:
Gozag

Shops:
D:4 [


Innate Abilities, Weirdness & Mutations

You are too large for most types of armour.
You have claws for hands.
Your natural rate of healing is unusually fast.
You are covered in fur. (AC +1)
You have tough skin. (AC +1)


Message History

You barely miss the orc priest.
The orc priest is heavily wounded.
The orc priest completely misses you.
You closely miss the orc priest.
The orc priest is heavily wounded.
The orc priest closely misses you.
The orc priest calls down the wrath of Beogh upon you.
Beogh smites you!
* * * LOW HITPOINT WARNING * * *
You completely miss the orc priest.
The orc priest is heavily wounded.
The orc priest hits you but does no damage.
You hit the orc priest but do no damage.
The orc priest is heavily wounded.
The orc priest looks encouraged for a moment.
You hit the orc priest but do no damage.
The orc priest is heavily wounded.
The orc priest hits you with a +0 flail.
You hit the orc priest but do no damage.
The orc priest is heavily wounded.
The orc priest hits you with a +0 flail!
* * * LOW HITPOINT WARNING * * *
You hit the orc priest.
The orc priest is heavily wounded.
You barely miss the orc priest.
The orc priest is heavily wounded.
The orc priest hits you with a +0 flail.
* * * LOW HITPOINT WARNING * * *
You barely miss the orc priest.
The orc priest is heavily wounded.
The orc priest looks braver for a moment.
The orc priest mumbles some strange prayers to Beogh against you.
Beogh smites you!
* * * LOW HITPOINT WARNING * * *
You see here a jackal corpse.
The orc priest invokes the aid of Beogh against you.
You barely resist.
The orc priest invokes the aid of Beogh against you.
Beogh smites you!
You die...

#.# ######## #.# #......# #.#
#......# #.#####.######......#
............##......###
........###.##........#
+########## #..#........######
.......#######.#..............
.......ooo.†.@............)...
.......########†###...........
....... ###..##.....####.#
....... #....##.....####.#
.###### #.....#.....##....
#...#.#######.8... .....#.#
###..... ......... #....._.
....#....... ...#.....


You could see 2 orc priests and an orc.

Vanquished Creatures
  2 kobold brigands (Sewer)
  A scorpion (D:3)
  A hound (D:4)
  8 adders
  2 river rats (Sewer)
  7 worms
  A dart slug (D:1)
  2 orcs (D:4)
  6 bats
  10 endoplasms
  5 giant cockroaches
  3 hobgoblins
  7 jackals
  5 quokkas
  6 ball pythons
  2 frilled lizards (D:1)
  5 goblins
  11 kobolds
  3 rats
87 creatures vanquished.

Notes
Turn   | Place    | Note
-------+----------+-------------------------------------------
     0 | D:1      | issech the Troll Monk began the quest for the Orb.
     0 | D:1      | Reached XP level 1. HP: 22/22 MP: 0/0
    82 | D:1      | Reached XP level 2. HP: 29/29 MP: 1/1
   135 | D:1      | You fall into a shaft and drop 1 floor!
   167 | D:2      | Reached skill level 3 in Maces & Flails
   300 | D:1      | Reached XP level 3. HP: 36/36 MP: 2/2
   883 | D:2      | Reached XP level 4. HP: 44/44 MP: 3/3
   899 | D:2      | Found a faded altar of an unknown god.
  1225 | D:3      | Found a glowing drain.
  1267 | Sewer    | Entered a sewer
  1378 | Sewer    | Reached XP level 5. HP: 53/53 MP: 4/4
  1412 | Sewer    | Reached skill level 4 in Maces & Flails
  1552 | Sewer    | Reached XP level 6. HP: 27/61 MP: 0/5
  1894 | D:3      | Reached skill level 5 in Maces & Flails
  2271 | D:4      | Found Longas's Antique Armour Shop.
  2372 | D:4      | Found an opulent altar of Gozag.
  2512 | D:4      | HP: 2/61 [orc priest/divine providence (13)]
  2515 | D:4      | Killed from afar by an orc priest

Illustrated notes

Levels and vault maps discovered:
D:1:      amcnicky_arrival_gap_in_the_tavern_cellar, layout_rooms
D:2:      layout_rooms, hellmonk_ecumenical_altar_zigzags
D:3:      layout_loops_cross, gup_sewer_entry_glass
D:4:      layout_basic, grunt_gozag_statues, serial_shops,
          nicolae_shop_hallway_stairs, minmay_crystal_water

Skill      XL: |  1  2  3  4  5  6 |
---------------+-------------------+-----
Maces & Flails | 3 4 5 |  5.1
Dodging        | 3 |  3.5
Fighting       | 3 |  3.5
Stealth        | |  1.6

Action                   |  1- 3 |  4- 6 || total
-------------------------+-------+-------++-------
Melee: Mace              |    31 |       ||    31
       Whip              |   123 |   190 ||   313
       Punch             |     1 |     2 ||     3
  Use: Scroll            |       |     4 ||     4
 Stab: Sleeping          |     3 |     1 ||     4
Armor: Robe              |    73 |    61 ||   134
Dodge: Dodged            |   114 |    66 ||   180
